 Dungeon Crawl Stone Soup version 0.25-a0-670-g50981ef59b (webtiles) character file.

Game seed: 6666886127442333985, levelgen mode: deterministic

2228 Kohma the Slicer (level 9, -7/56 HPs)
             Began as a Kobold Berserker on Mar 29, 2020.
             Was an Elder of Trog.
             Mangled by a cyan ugly thing (12 damage)
             ... on level 6 of the Dungeon.
             The game lasted 00:20:25 (7986 turns).

Kohma the Slicer (Kobold Berserker)                 Turns: 7986, Time: 00:20:25

Health: -7/56      AC: 14    Str: 14    XL:     9   Next: 62%
Magic:  0/9        EV: 11    Int:  8    God:    Trog [****..]
Gold:   351        SH:  0    Dex: 18    Spells: 8/8 levels left

rFire    . . .     SeeInvis .   E - +0 rapier
rCold    . . .     Gourm    .   (shield restricted)
rNeg     . . .     Faith    .   I - +4 chain mail of the Gloaming {MR+}
rPois    .         Spirit   +   k - +1 helmet
rElec    .         Reflect  .   t - scarf {Spirit}
rCorr    +         Harm     .   (no gloves)
MR       +....                  (no boots)
Stlth    +.........             (no amulet)
HPRegen  0.18/turn              r - ring of resist corrosion
MPRegen  0.11/turn              (no ring)

@: no status effects
A: small, carnivore
a: Berserk, Trog's Hand, Brothers in Arms, Renounce Religion


You were on level 6 of the Dungeon.
You worshipped Trog.
Trog was greatly pleased with you.
You were completely stuffed.

You visited 1 branch of the dungeon, and saw 6 of its levels.
You also visited: Ossuary.

You collected 351 gold pieces.

Inventory:

Hand Weapons
 a - a +1 short sword
 b - a +2 falchion
 m - a +2 hand axe of draining
 u - a +0 dagger
 E - a +0 rapier (weapon)
Missiles
 i - 381 stones
 x - 59 sling bullets
 G - 6 datura-tipped darts (quivered)
Armour
 k - a +1 helmet (worn)
 t - a scarf of spirit shield (worn)
 v - a +0 cloak
 I - the +4 chain mail of the Gloaming (worn) {MR+}
   (You found it on level 5 of the Dungeon)

   It affects your resistance to hostile enchantments.
Jewellery
 r - a ring of resist corrosion (left hand)
Wands
 w - a wand of disintegration (22)
 y - a wand of iceblast (21)
Scrolls
 e - a scroll of immolation
 f - 2 scrolls of noise
 h - 2 scrolls of enchant armour
 j - 3 scrolls of fear
 l - 4 scrolls of fog
 q - a scroll of remove curse
 D - 3 scrolls of magic mapping
 H - 2 scrolls of identify
Potions
 d - a potion of cancellation {unknown}
 g - 5 potions of curing
 n - a potion of haste {unknown}
 o - a potion of heal wounds {unknown}
 p - 2 potions of berserk rage
 s - 3 potions of stabbing
 z - 2 potions of resistance
 A - 2 potions of lignification {unknown}
 B - 2 potions of brilliance {unknown}
 C - 2 potions of might
 F - a potion of mutation {unknown}
Comestibles
 c - 17 rations
 J - a chunk of flesh


   Skills:
 + Level 6.3 Fighting
 + Level 11.0 Short Blades
 - Level 1.5 Armour
 - Level 5.2 Dodging
 + Level 9.4 Stealth


You had 8 spell levels left.
You didn't know any spells.
Your spell library was empty.

Dungeon Overview and Level Annotations

Branches:
Dungeon (6/15)            Ossuary (visited)
 Temple: D:4-7

Altars:
Dithmenos
The Shining One

Annotations:
D:4 2 transporters, voshxx's ghost, amateur DsFi


Innate Abilities, Weirdness & Mutations

You are small and have problems with some larger weapons.
You are carnivorous and can eat meat at any time.


Message History

The hound bites you.
Your chain mail of the Gloaming prevents you from hitting the hound.
The hound is heavily wounded.
The hound closely misses you.
Your chain mail of the Gloaming prevents you from hitting the cyan ugly thing.
You hit the cyan ugly thing.
The cyan ugly thing is lightly wounded.
The cyan ugly thing tentacle-slaps you. The cyan ugly thing shocks you!
You closely miss the cyan ugly thing.
The cyan ugly thing is lightly wounded.
The cyan ugly thing tentacle-slaps you! The cyan ugly thing shocks you!
* * * LOW HITPOINT WARNING * * *
You hit the cyan ugly thing.
The cyan ugly thing is lightly wounded.
You hit the cyan ugly thing.
The cyan ugly thing is lightly wounded.
The cyan ugly thing tentacle-slaps you!
* * * LOW HITPOINT WARNING * * *
The cyan ugly thing shocks you!
You die...

#########
#.......#
#@####..#
#.###u####.##
#....h...#.#
##.......#.#
#.##.####.##
#. #.. #...#
. ..# ##.## .
#.###...## ..
#.##..#..#


You could see a cyan ugly thing and a hound.

Vanquished Creatures
  2 wraiths (Ossuary)
  Eustachio (D:5)
  Menkaure (D:5)
  An ogre (D:4)
  A phantom (D:5)
  4 big kobolds (D:4)
  A gnoll sergeant (D:5)
  A wyvern skeleton (D:6)
  3 wights (Ossuary)
  5 crimson imps
  A hound (D:5)
  A centaur skeleton (D:4)
  An orc priest (D:5)
  2 bullfrog skeletons (D:5)
  A jelly (D:6)
  5 orc wizards
  8 worker ants
  A killer bee zombie (D:5)
  2 gnolls
  8 adders
  3 shadow imps
  3 oozes
  An adder zombie (D:5)
  An adder skeleton (D:4)
  2 worms
  2 dart slugs
  3 leopard geckos
  12 orcs
  10 giant cockroaches
  5 goblins
  4 hobgoblins
  56 kobolds
  3 quokkas
  2 ball pythons
  2 ball python skeletons (Ossuary)
  7 bats
  10 frilled lizards
  A hobgoblin skeleton (Ossuary)
  A hobgoblin zombie (Ossuary)
  2 kobold zombies (Ossuary)
  An orc skeleton (Ossuary)
  2 orc zombies (Ossuary)
  7 rats
190 creatures vanquished.

Vanquished Creatures (collateral kills)
  3 gnolls (D:5)
3 creatures vanquished.

Vanquished Creatures (others)
  A gnoll (D:5)
  4 toadstools (D:1)
5 creatures vanquished.

Grand Total: 198 creatures vanquished

Notes
Turn   | Place    | Note
-------+----------+-------------------------------------------
     0 | D:1      | Kohma the Kobold Berserker began the quest for the Orb.
     0 | D:1      | Reached XP level 1. HP: 14/14 MP: 1/1
    78 | D:1      | Reached XP level 2. HP: 14/19 MP: 2/2
   406 | D:1      | Reached XP level 3. HP: 16/23 MP: 3/3
  1077 | D:1      | Reached skill level 5 in Short Blades
  1236 | D:1      | You fall into a shaft and drop 1 floor!
  1268 | D:2      | Reached XP level 4. HP: 29/29 MP: 4/4
  1899 | D:2      | Reached ** piety under Trog
  1960 | D:2      | Found a shadowy altar of Dithmenos.
  2646 | D:3      | Reached XP level 5. HP: 16/33 MP: 2/5
  2696 | D:3      | Reached skill level 6 in Short Blades
  3236 | D:3      | Reached XP level 6. HP: 32/39 MP: 6/6
  3806 | D:4      | Reached skill level 7 in Short Blades
  3826 | D:4      | Noticed an ogre
  3879 | D:4      | Killed an ogre
  3879 | D:4      | Reached XP level 7. HP: 44/44 MP: 5/7
  4124 | D:4      | Identified the cursed +2 great mace of Kuetin {vorpal,
                  | rElec rN++ Str+4 Dex-3}
  4125 | D:4      | Found a transporter.
  4125 | D:4      | Noticed voshxx's ghost (amateur DsFi)
  4134 | D:4      | Found a transporter.
  4500 | D:4      | Reached skill level 5 in Fighting
  4955 | D:5      | Entered Level 5 of the Dungeon
  5000 | D:5      | Found a sand-covered staircase.
  5005 | Ossuary  | Entered an ossuary
  5245 | Ossuary  | Noticed a flying skull
  5245 | Ossuary  | Noticed a wraith
  5256 | Ossuary  | Noticed a flying skull
  5259 | Ossuary  | Noticed a flying skull
  5261 | Ossuary  | Noticed a wraith
  5279 | Ossuary  | Killed a wraith
  5279 | Ossuary  | Reached skill level 8 in Short Blades
  5279 | Ossuary  | Reached skill level 5 in Dodging
  5495 | Ossuary  | Noticed a flying skull
  5577 | Ossuary  | Noticed a flying skull
  5585 | Ossuary  | Noticed a wraith
  5595 | Ossuary  | Killed a wraith
  5595 | Ossuary  | Reached skill level 9 in Short Blades
  5595 | Ossuary  | Reached XP level 8. HP: 49/49 MP: 5/8
  5832 | D:5      | Noticed Menkaure
  5839 | D:5      | Killed Menkaure
  5945 | D:5      | Reached skill level 10 in Short Blades
  5978 | D:5      | Reached skill level 5 in Stealth
  6044 | D:5      | Reached *** piety under Trog
  6194 | D:5      | Found a glowing golden altar of the Shining One.
  6240 | D:5      | Noticed Eustachio
  6298 | D:5      | Killed Eustachio
  6315 | D:5      | Reached XP level 9. HP: 49/54 MP: 7/9
  6617 | D:5      | Got an ancient chain mail
  6628 | D:5      | Identified the +4 chain mail of the Gloaming {MR+} (You
                  | found it on level 5 of the Dungeon)
  7253 | D:4      | Reached **** piety under Trog
  7968 | D:6      | Noticed a cyan ugly thing
  7974 | D:6      | Reached skill level 11 in Short Blades
  7986 | D:6      | Mangled by a cyan ugly thing

Levels and vault maps discovered:
D:1:      ldierk_walled_garden_2, layout_loops_cross
D:2:      layout_basic, lemuel_doored_altar
D:3:      layout_basic, first_ration
D:4:      minmay_goblin_kobold_castle, layout_basic, gammafunk_ghost_smash,
          minmay_door_square
D:5:      layout_gridville, tso_oasis_becter,
          nicolae_ossuary_entry_false_entrances, minmay_quadrilaterals,
          uniq_eustachio, uniq_menkaure
D:6:      minmay_spotlight, layout_loops_cross, minmay_temple_entry_antechambers

Skill      XL: |  1  2  3  4  5  6  7  8  9 |
---------------+----------------------------+-----
Dodging        | 3 4 5 |  5.2
Short Blades   | 5 6 7 9 10 11 | 11.0
Fighting       | 4 5 6 |  6.3
Stealth        | 3 7 9 |  9.4
Armour         | |  1.5

Action                   |  1- 3 |  4- 6 |  7- 9 || total
-------------------------+-------+-------+-------++-------
Melee: Short sword       |   101 |   315 |   286 ||   702
       Rapier            |       |       |   321 ||   321
Throw: Dart              |       |       |     3 ||     3
Invok: Berserk           |     3 |     6 |     5 ||    14
       Trog's Hand       |       |     3 |     2 ||     5
  Use: Potion            |       |     1 |       ||     1
       Scroll            |       |     8 |     5 ||    13
  Eat: Chunk             |     8 |    15 |    24 ||    47
Armor: Animal skin       |     9 |       |       ||     9
       Ring mail         |     3 |     4 |       ||     7
       Chain mail        |       |   147 |   228 ||   375
Dodge: Dodged            |    88 |   140 |   254 ||   482

Table legend:
 A = Non-vault XP
 B = Vault XP
 C = Vault XP percentage of total XP
 D = Non-vault monster count
 E = Vault monster count
 F = Vault count percentage of total count
                 A         B        C        D         E       F
            +---------+---------+-------+---------+---------+-------
      Total |    1611 |    1572 |  49.4 |     118 |      75 |  38.9
            +---------+---------+-------+---------+---------+-------
        D:1 |      57 |       0 |   0.0 |      24 |       0 |   0.0
        D:2 |      41 |       0 |   0.0 |      17 |       0 |   0.0
        D:3 |     248 |       0 |   0.0 |      27 |       0 |   0.0
        D:4 |     340 |     483 |  58.7 |      16 |      53 |  76.8
        D:5 |     748 |     449 |  37.5 |      30 |       6 |  16.7
        D:6 |     177 |      45 |  20.3 |       4 |       2 |  33.3
    Ossuary |       0 |     595 | 100.0 |       0 |      14 | 100.0
            +---------+---------+-------+---------+---------+-------
